[Event "ICC Open 2015"]
[Site "Internet Chess Club"]
[Date "2015.05.30"]
[Round "8"]
[White "HematiteBrown"]
[Black "Neurisdr"]
[Result "0-1"]
[ICCResult "White forfeits on time"]
[WhiteElo "2224"]
[BlackElo "2832"]
[Opening "Sicilian: Najdorf, Byrne (English) attack"]
[ECO "B90"]
[NIC "SI.14"]
[Time "20:17:03"]
[TimeControl "180+0"]

1. e4 c5 2. Nf3 d6 3. d4 cxd4 4. Nxd4 Nf6 5. Nc3 a6 6. Be3 e5 7. Nb3 Be7 8.
h3 O-O 9. f4 b5 10. fxe5 dxe5 11. Qxd8 Rxd8 12. Bb6 Re8 13. Bd3 Nbd7 14. Be3
Bb7 15. Na5 Bc8 16. O-O Bb4 17. Nc6 Bxc3 18. bxc3 Bb7 19. Nb4 Bxe4 20. a4 a5
21. Bxe4 Nxe4 22. Nd5 Rec8 23. axb5 Nxc3 24. b6 Nxd5 25. b7 Nxe3 26. Rf3 Nd5
27. Rxa5 N5b6 28. Rc3 Rxc3 29. Rxa8+ Nxa8 30. bxa8=Q+ Nf8 31. Qe8 Rxc2 32.
Qxe5 Rc6 33. Qe4 Re6 34. Qc4 h6 35. Kh2 Nh7 36. Qc8+ Nf8 37. Qc4 g5 38. Qc8
Kg7 39. Qc2 Ng6 40. Qb2+ Kh7 41. Qb8 Re2 42. Qb7 Kg7 43. Qb4 Nf4 44. Qd4+
Kg6 45. Qd6+ f6 46. Qd8 Rxg2+ 47. Kh1 Rg3 48. Qg8+ Kh5 49. Qf7+ Kh4 50. Qxf6
h5 51. Qe5 Rxh3+ 52. Kg1 Rg3+ 53. Kh2 Rg2+ 54. Kh1 Re2 55. Qc3 Rf2 56. Kg1
Nh3+ 57. Kh1 g4 {White forfeits on time} 0-1

[Event "ICC Open 2015"]
[Site "Internet Chess Club"]
[Date "2015.05.30"]
[Round "8"]
[White "pierredams"]
[Black "RobbieWilliams"]
[Result "0-1"]
[ICCResult "White forfeits on time"]
[WhiteElo "1926"]
[BlackElo "1796"]
[Opening "Alekhine's defense"]
[ECO "B02"]
[NIC "AL.10"]
[Time "20:17:02"]
[TimeControl "180+0"]

1. e4 Nf6 2. e5 Nd5 3. Nf3 d6 4. Bc4 Nb6 5. Bb3 Nc6 6. exd6 exd6 7. O-O Be7
8. Re1 O-O 9. Nc3 a5 10. a3 Bf6 11. d3 Bg4 12. h3 Bh5 13. Nd5 Nxd5 14. Bxd5
Qd7 15. c3 Rae8 16. g4 Bg6 17. d4 h6 18. Bf4 b6 19. Qd2 Ne7 20. Bc4 d5 21.
Bd3 Bxd3 22. Qxd3 c6 23. Bg3 Ng6 24. Rxe8 Rxe8 25. Kg2 Re4 26. Re1 Qe6 27.
Qd2 c5 28. dxc5 bxc5 29. Rxe4 Qxe4 30. Qe3 Qc4 31. Bd6 d4 32. cxd4 cxd4 33.
Qd2 Qd5 34. Bg3 d3 35. b4 axb4 36. axb4 Be5 37. Qe3 Bxg3 38. Kxg3 f5 39.
gxf5 Qxf5 40. Qe8+ Kh7 41. Qe3 Qb5 42. Qe4 h5 43. h4 Kh6 44. Qe3+ Kh7 45.
Ng5+ Kg8 46. Qe6+ Kf8 47. Qxg6 Qe5+ 48. Kg2 Qf6 49. Qxd3 g6 50. Qf3 Qxf3+
51. Kxf3 Ke7 52. Ke4 Kd6 53. Kd4 Ke7 54. Ke4 Kf6 {White forfeits on time}
0-1

[Event "ICC Open 2015"]
[Site "Internet Chess Club"]
[Date "2015.05.30"]
[Round "8"]
[White "haimw"]
[Black "ghorok"]
[Result "1-0"]
[ICCResult "Black resigns"]
[WhiteElo "1899"]
[BlackElo "1746"]
[Opening "QGD: classical variation (5.Bf4)"]
[ECO "D31"]
[NIC "QO.04"]
[Time "20:19:48"]
[TimeControl "180+0"]

1. d4 d5 2. c4 e6 3. Nc3 Be7 4. Nf3 Nf6 5. Bf4 O-O 6. e3 b6 7. cxd5 Nxd5 8.
Nxd5 Qxd5 9. Bd3 Bb7 10. O-O c5 11. dxc5 Bxc5 12. Qc2 h6 13. Rfd1 Qh5 14.
Be4 Bxe4 15. Qxe4 Na6 16. a3 Rad8 17. Qb7 e5 18. Bxe5 Nb8 19. Rxd8 Rxd8 20.
Bxb8 Qg4 21. h3 Qa4 22. Bg3 Qb3 23. Be5 f6 24. Bc3 Rd1+ 25. Rxd1 Qxd1+ 26.
Ne1 Qe2 27. Qf3 Qc4 28. g4 Qb3 29. Qe4 Qf7 30. Nf3 Qd7 31. Nd4 Kh8 32. Nf5
Qd1+ 33. Kg2 Qb1 34. Qxb1 {Black resigns} 1-0

[Event "ICC Open 2015"]
[Site "Internet Chess Club"]
[Date "2015.05.30"]
[Round "8"]
[White "DMDIS"]
[Black "Poporovitch"]
[Result "1-0"]
[ICCResult "Black forfeits on time"]
[WhiteElo "1886"]
[BlackElo "1986"]
[Opening "Benoni: fianchetto variation"]
[ECO "A63"]
[NIC "BI.24"]
[Time "20:19:17"]
[TimeControl "180+0"]

1. d4 Nf6 2. c4 c5 3. d5 e6 4. Nc3 exd5 5. cxd5 d6 6. Nf3 g6 7. g3 Bg7 8.
Bg2 O-O 9. O-O a6 10. a4 Nbd7 11. Bf4 Qe7 12. Qd2 Nh5 13. Bg5 f6 14. Be3 f5
15. Bg5 Qe8 16. Rfe1 Nhf6 17. Qf4 Ne5 18. Qh4 Qf7 19. Rad1 h6 20. Bxh6 Nxf3+
21. exf3 Bd7 22. Bg5 Rae8 23. Qf4 Re5 24. Rxe5 Nh5 25. Qd2 Bxe5 26. Re1 f4
27. g4 Ng7 28. h4 Kh7 29. Bf1 Ne8 30. Bd3 Nc7 31. h5 Rg8 32. hxg6+ Rxg6 33.
Qc2 Kg7 34. Bxg6 Qxg6 35. Qxg6+ Kxg6 36. Bd8 Ne8 37. Kg2 b5 38. axb5 axb5
39. Ra1 b4 40. Ne4 Bxb2 41. Ra7 Bb5 42. Re7 {Black forfeits on time} 1-0

[Event "ICC Open 2015"]
[Site "Internet Chess Club"]
[Date "2015.05.30"]
[Round "9"]
[White "Mastercito"]
[Black "leonardoalmeida"]
[Result "1-0"]
[ICCResult "Black checkmated"]
[WhiteElo "2022"]
[BlackElo "1904"]
[Opening "Queen's pawn"]
[ECO "A40"]
[NIC "QO.17"]
[Time "20:25:55"]
[TimeControl "180+0"]

1. d4 e6 2. Nf3 c5 3. c3 cxd4 4. cxd4 Nf6 5. Bf4 Be7 6. e3 O-O 7. Nbd2 d6 8.
Bd3 a6 9. h4 b5 10. Qb1 Bb7 11. Ng5 h6 12. Ndf3 Nbd7 13. Be5 dxe5 14. dxe5
Nxe5 15. Nxe5 Qd5 16. Bh7+ Kh8 17. Nexf7+ Rxf7 18. Nxf7# {Black checkmated}
1-0

[Event "ICC Open 2015"]
[Site "Internet Chess Club"]
[Date "2015.05.30"]
[Round "9"]
[White "jjosu"]
[Black "Dark-Magician"]
[Result "0-1"]
[ICCResult "White resigns"]
[WhiteElo "2177"]
[BlackElo "2385"]
[Opening "Sicilian: Najdorf, 7...Be7 main line"]
[ECO "B99"]
[NIC "SI.09"]
[Time "20:25:54"]
[TimeControl "180+0"]

1. e4 c5 2. Nf3 d6 3. d4 cxd4 4. Nxd4 Nf6 5. Nc3 a6 6. Bg5 e6 7. f4 Be7 8.
Qf3 Qc7 9. O-O-O Nbd7 10. g4 O-O 11. Bxf6 Bxf6 12. g5 Be7 13. f5 Bxg5+ 14.
Kb1 Ne5 15. Qh5 Bf6 16. Rg1 g6 17. Qe2 b5 18. Bh3 b4 19. Na4 Bd7 20. fxe6
Bxa4 21. exf7+ Rxf7 22. Be6 Bg7 23. Rgf1 Rf8 24. Qxa6 Be8 25. Nb5 Qe7 26.
Bxf7+ Bxf7 27. Nxd6 Qe6 28. Nxf7 Qxa6 29. Nxe5 {White resigns} 0-1

[Event "ICC Open 2015"]
[Site "Internet Chess Club"]
[Date "2015.05.30"]
[Round "9"]
[White "Yummyhat"]
[Black "QuieroAprender"]
[Result "1-0"]
[ICCResult "Black resigns"]
[WhiteElo "1781"]
[BlackElo "1492"]
[Opening "Old Indian defense"]
[ECO "A53"]
[NIC "OI.04"]
[Time "20:26:12"]
[TimeControl "180+0"]

1. d4 Nf6 2. c4 d6 3. Nc3 c6 4. e4 g6 5. f4 Bg7 6. Nf3 Bg4 7. Bd3 Nbd7 8.
O-O Bxf3 9. Qxf3 e5 10. fxe5 dxe5 11. d5 cxd5 12. cxd5 Nc5 13. Bb5+ Kf8 14.
Bg5 Ncxe4 15. Nxe4 Qb6+ 16. Kh1 Qxb5 17. Nxf6 h6 18. Nh7+ {Black resigns}
1-0

[Event "ICC Open 2015"]
[Site "Internet Chess Club"]
[Date "2015.05.30"]
[Round "9"]
[White "TheLoneKing1"]
[Black "chessrex"]
[Result "0-1"]
[ICCResult "White resigns"]
[WhiteElo "1863"]
[BlackElo "2114"]
[Opening "Philidor: Philidor counter-gambit, Zukertort variation"]
[ECO "C41"]
[NIC "KP.08"]
[Time "20:26:21"]
[TimeControl "180+0"]

1. e4 e5 2. Nf3 d6 3. d4 f5 4. Nc3 fxe4 5. Nxe4 d5 6. Nc3 e4 7. Ne5 Nf6 8.
Bg5 Be7 9. Be2 O-O 10. Qd2 Be6 11. O-O-O Nbd7 12. f4 exf3 13. Bxf3 c6 14.
Rde1 Nxe5 15. Rxe5 Bd7 16. Rhe1 Rf7 17. Qe2 Bd6 18. Re3 Qc7 19. g3 h6 20.
Bxf6 Rxf6 21. Bh5 Raf8 22. a3 Rf2 23. Qd3 Bf5 {White resigns} 0-1

[Event "ICC Open 2015"]
[Site "Internet Chess Club"]
[Date "2015.05.30"]
[Round "9"]
[White "RobbieWilliams"]
[Black "nowornever"]
[Result "0-1"]
[ICCResult "White checkmated"]
[WhiteElo "1787"]
[BlackElo "1979"]
[Opening "Queen's pawn"]
[ECO "A40"]
[NIC "QO.17"]
[Time "20:26:19"]
[TimeControl "180+0"]

1. d4 e6 2. e3 b6 3. f4 Bb7 4. Nf3 f5 5. Bd3 Nf6 6. c3 Be7 7. O-O O-O 8.
Nbd2 Ne4 9. Qe2 d6 10. a3 Nd7 11. c4 c5 12. b4 Bf6 13. Rb1 Qe8 14. Bb2 Qg6
15. Kh1 Rae8 16. Bc2 Ba6 17. Ba4 Re7 18. Nxe4 fxe4 19. Nd2 d5 20. Rfc1 cxd4
21. Bxd4 Bxd4 22. exd4 Nf6 23. h3 Nh5 24. Qe3 Nxf4 25. cxd5 Qxg2#
{White checkmated}
0-1

[Event "ICC Open 2015"]
[Site "Internet Chess Club"]
[Date "2015.05.30"]
[Round "9"]
[White "manitodeplomo"]
[Black "NachoAverageKid"]
[Result "1-0"]
[ICCResult "Black resigns"]
[WhiteElo "2658"]
[BlackElo "2225"]
[Opening "QGD Slav/Grünfeld: Schlechter variation"]
[ECO "D15"]
[NIC "SL.03"]
[Time "20:26:25"]
[TimeControl "180+0"]

1. d4 d5 2. c4 c6 3. Nf3 Nf6 4. Nc3 g6 5. cxd5 Nxd5 6. e4 Nxc3 7. bxc3 Bg7
8. Bc4 O-O 9. O-O Bg4 10. h3 Bxf3 11. Qxf3 e5 12. Ba3 Re8 13. Bxf7+ Kh8 14.
Bxe8 Qxe8 15. Rad1 Nd7 16. d5 Nb6 17. dxc6 bxc6 18. Bc5 Nc4 19. Qg4 Rb8 20.
Qd7 Qxd7 21. Rxd7 h5 22. Rfd1 Rb2 23. Rxa7 Nd2 24. Be3 Nxe4 25. Rd8+ Kh7 26.
Rdd7 {Black resigns} 1-0

[Event "ICC Open 2015"]
[Site "Internet Chess Club"]
[Date "2015.05.30"]
[Round "9"]
[White "ghorok"]
[Black "Ira57"]
[Result "1-0"]
[ICCResult "Black resigns"]
[WhiteElo "1768"]
[BlackElo "1871"]
[Opening "QGD: Tartakower (Makagonov-Bondarevsky) system, 8.cd Nxd5"]
[ECO "D59"]
[NIC "QO.10"]
[Time "20:25:51"]
[TimeControl "180+0"]

1. d4 e6 2. c4 d5 3. Nf3 Nf6 4. Nc3 Be7 5. Bg5 O-O 6. e3 h6 7. Bh4 b6 8.
cxd5 Nxd5 9. Bxe7 Qxe7 10. Nxd5 exd5 11. Bd3 Be6 12. O-O c5 13. dxc5 bxc5
14. Qa4 Nd7 15. Rac1 Rfc8 16. Rfd1 Nb6 17. Qa3 Bg4 18. Be2 a5 19. Rd2 Bxf3
20. gxf3 c4 21. Qxe7 {Black resigns} 1-0

[Event "ICC Open 2015"]
[Site "Internet Chess Club"]
[Date "2015.05.30"]
[Round "9"]
[White "klodshans"]
[Black "cap78red"]
[Result "1-0"]
[ICCResult "Black checkmated"]
[WhiteElo "1651"]
[BlackElo "1432"]
[Opening "Polish (Sokolsky) opening"]
[ECO "A00"]
[NIC "VO.10"]
[Time "20:26:14"]
[TimeControl "180+0"]

1. b4 Nf6 2. Bb2 e6 3. b5 b6 4. e3 Bb7 5. a4 a6 6. c4 c6 7. Nc3 cxb5 8. cxb5
Bb4 9. f3 Bxc3 10. Bxc3 axb5 11. Bxb5 Ba6 12. Qb3 Bxb5 13. axb5 Rxa1+ 14.
Bxa1 O-O 15. Bc3 d5 16. Ne2 Nbd7 17. O-O Nc5 18. Qa2 Qd7 19. Rb1 Nd3 20. Nd4
e5 21. Nc6 e4 22. f4 Ng4 23. h3 Nh6 24. Qa7 Qxa7 25. Nxa7 f5 26. Bd4 Rb8 27.
Nc6 Rb7 28. Ra1 Kf7 29. Ra7 Rxa7 30. Nxa7 Nc5 31. Bxc5 bxc5 32. b6 Ng8 33.
b7 Ne7 34. b8=Q c4 35. Qc7 g6 36. Nc6 Kf6 37. Qxe7# {Black checkmated} 1-0

[Event "ICC Open 2015"]
[Site "Internet Chess Club"]
[Date "2015.05.30"]
[Round "9"]
[White "noyb"]
[Black "slothchess"]
[Result "1-0"]
[ICCResult "Black checkmated"]
[WhiteElo "1983"]
[BlackElo "1827"]
[Opening "Queen's pawn: Torre attack"]
[ECO "A46"]
[NIC "QP.04"]
[Time "20:26:21"]
[TimeControl "180+0"]

1. d4 Nf6 2. Nf3 e6 3. Bg5 Be7 4. e3 O-O 5. Nbd2 h6 6. Bh4 d5 7. Bd3 c5 8.
c3 Nc6 9. O-O Nd7 10. Bg3 f5 11. Qe2 c4 12. Bc2 Nf6 13. Ne5 Nxe5 14. Bxe5
Ne4 15. Nxe4 fxe4 16. f3 exf3 17. Rxf3 Bf6 18. Raf1 Bd7 19. Bxf6 Rxf6 20.
Rxf6 gxf6 21. Qg4+ Kh8 22. Qg6 Qe7 23. Qxh6+ Kg8 24. Rxf6 Be8 25. Rf8+ Qxf8
26. Qh7# {Black checkmated} 1-0

[Event "ICC Open 2015"]
[Site "Internet Chess Club"]
[Date "2015.05.30"]
[Round "9"]
[White "LMLLM"]
[Black "Caminator"]
[Result "1-0"]
[ICCResult "Black resigns"]
[WhiteElo "2347"]
[BlackElo "2152"]
[Opening "QGD Slav: exchange, Trifunovic variation"]
[ECO "D10"]
[NIC "SL.01"]
[Time "20:26:30"]
[TimeControl "180+0"]

1. d4 d5 2. c4 c6 3. Nc3 Nf6 4. cxd5 cxd5 5. Bf4 Nc6 6. e3 Bf5 7. Nf3 e6 8.
Qb3 Bb4 9. Ne5 Bxc3+ 10. bxc3 O-O 11. Nxc6 bxc6 12. f3 Qa5 13. Be2 Nh5 14.
Bd6 Rfd8 15. Qb4 Qxb4 16. Bxb4 a5 17. Bc5 Rab8 18. g4 Rb2 19. gxf5 exf5 20.
Bd3 g6 21. Ba3 Rb7 22. Kf2 f4 23. e4 Nf6 24. e5 Nd7 25. Rab1 Rc7 26. Bd6
Rcc8 27. Ba6 Ra8 28. Bb7 Ra7 29. Bxc6 Nf8 30. Bxd5 Ne6 31. Rb6 Nc7 32. Bc4
{Black resigns}
1-0

[Event "ICC Open 2015"]
[Site "Internet Chess Club"]
[Date "2015.05.30"]
[Round "9"]
[White "Cristhian-ator"]
[Black "Pikaso"]
[Result "1-0"]
[ICCResult "Black resigns"]
[WhiteElo "2577"]
[BlackElo "2824"]
[Opening "King's Indian: fianchetto, Kavalek (Bronstein) variation"]
[ECO "A04"]
[NIC "KI.74"]
[Time "20:26:49"]
[TimeControl "180+0"]

1. Nf3 g6 2. c4 Bg7 3. g3 Nf6 4. Bg2 O-O 5. O-O d6 6. Nc3 c6 7. d4 Qa5 8. e4
e5 9. d5 cxd5 10. cxd5 Bd7 11. a3 Rc8 12. b4 Qd8 13. Bb2 a5 14. Qb3 Na6 15.
Rac1 axb4 16. axb4 Bh6 17. Rc2 Qb6 18. b5 Nc5 19. Qb4 Nd3 20. Qb3 Nxb2 21.
Qxb2 Qa5 22. Rb1 Rc5 23. Bf1 Rac8 24. Ra1 Rc4 25. Rxa5 {Black resigns} 1-0

[Event "ICC Open 2015"]
[Site "Internet Chess Club"]
[Date "2015.05.30"]
[Round "9"]
[White "deepdale"]
[Black "alico"]
[Result "1-0"]
[ICCResult "Black checkmated"]
[WhiteElo "1798"]
[BlackElo "1351"]
[Opening "Sicilian: Smith-Morra gambit"]
[ECO "B21"]
[NIC "SI.48"]
[Time "20:26:17"]
[TimeControl "180+0"]

1. e4 c5 2. d4 d6 3. Bc4 cxd4 4. Nf3 Nc6 5. O-O e5 6. Ng5 Nh6 7. f4 Be7 8.
Nxf7 Nxf7 9. Bxf7+ Kxf7 10. fxe5+ Ke8 11. Qh5+ g6 12. Qh6 dxe5 13. Qg7 Kd7
14. c3 Kc7 15. Na3 d3 16. Bg5 Kb8 17. Bxe7 Nxe7 18. Rf7 Nc6 19. Nc4 b5 20.
Nxe5 d2 21. Nxc6# {Black checkmated} 1-0

[Event "ICC Open 2015"]
[Site "Internet Chess Club"]
[Date "2015.05.30"]
[Round "9"]
[White "skibum1313"]
[Black "JArookie"]
[Result "1-0"]
[ICCResult "Black checkmated"]
[WhiteElo "1509"]
[BlackElo "1825"]
[Opening "Levitsky attack (Queen's bishop attack)"]
[ECO "D00"]
[NIC "QP.08"]
[Time "20:26:07"]
[TimeControl "180+0"]

1. d4 d5 2. Bg5 c5 3. e3 Nc6 4. c3 Qb6 5. b3 cxd4 6. cxd4 Bf5 7. Nf3 Nb4 8.
Na3 Qa5 9. Bb5+ Kd8 10. Ne5 Nd3+ 11. Ke2 Nxe5 12. dxe5 Qxa3 13. Qxd5+ Kc7
14. Rac1+ Kb6 15. Ba4 Qb2+ 16. Kf3 e6 17. Qb5# {Black checkmated} 1-0

[Event "ICC Open 2015"]
[Site "Internet Chess Club"]
[Date "2015.05.30"]
[Round "9"]
[White "rookfish"]
[Black "Piranha"]
[Result "0-1"]
[ICCResult "White checkmated"]
[WhiteElo "1170"]
[BlackElo "1692"]
[Opening "Sicilian"]
[ECO "B50"]
[NIC "SI.01"]
[Time "20:26:08"]
[TimeControl "180+0"]

1. e4 c5 2. Nf3 d6 3. Bc4 Nc6 4. Bxf7+ Kxf7 5. d4 cxd4 6. Ng5+ Ke8 7. Qf3
Nf6 8. e5 Nxe5 9. Qd5 h6 10. f4 hxg5 11. Qb3 gxf4 12. O-O f3 13. gxf3 Qd7
14. f4 Nc6 15. Bd2 Rh3 16. Bb4 Rxb3 17. cxb3 Nxb4 18. Nd2 Qg4+ 19. Kh1 Nc2
20. Rac1 Ne3 21. Rg1 Qf5 22. Nf3 Bd7 23. Ng5 Bc6+ 24. Rg2 Bxg2+ 25. Kg1 Qg4
26. Rc8+ Rxc8 27. Kf2 Rc2+ 28. Ke1 Qe2# {White checkmated} 0-1

[Event "ICC Open 2015"]
[Site "Internet Chess Club"]
[Date "2015.05.30"]
[Round "9"]
[White "nikenwidiartto"]
[Black "iragefree"]
[Result "1-0"]
[ICCResult "Black resigns"]
[WhiteElo "1858"]
[BlackElo "1854"]
[Opening "Sicilian: closed, 2...Nc6"]
[ECO "B23"]
[NIC "SI.44"]
[Time "20:26:34"]
[TimeControl "180+0"]

1. e4 c5 2. Nc3 Nc6 3. Bb5 Nd4 4. Nf3 Nxb5 5. Nxb5 a6 6. Nc3 e6 7. d4 cxd4
8. Qxd4 b5 9. Be3 Bb7 10. O-O-O Nf6 11. e5 Nd5 12. Nxd5 Bxd5 13. Kb1 Rc8 14.
Ng5 Bc5 15. Qg4 Bxe3 16. fxe3 Rc4 17. e4 Qc7 18. Qf3 Bxe4 19. Nxe4 Qxe5 20.
Nd6+ Ke7 21. Qxf7+ Kd8 22. Nxc4 Qc7 23. Ne5 d5 24. Qxc7+ Kxc7 25. Rhf1 Kd6
26. Nf7+ {Black resigns} 1-0

[Event "ICC Open 2015"]
[Site "Internet Chess Club"]
[Date "2015.05.30"]
[Round "9"]
[White "Smokie"]
[Black "krankenstein"]
[Result "1-0"]
[ICCResult "Black resigns"]
[WhiteElo "1420"]
[BlackElo "1147"]
[Opening "Philidor's defense"]
[ECO "C41"]
[NIC "KP.10"]
[Time "20:26:17"]
[TimeControl "180+0"]

1. e4 e5 2. Nf3 d6 3. Bc4 h6 4. h3 a6 5. a4 Nf6 6. d3 Nc6 7. Be3 Be7 8. Nc3
Be6 9. Nd5 O-O 10. Nxe7+ Qxe7 11. Bxe6 fxe6 12. c3 d5 13. exd5 Nxd5 14. Bd2
Nf4 15. Bxf4 exf4 16. Qe2 e5 17. Qe4 Rad8 18. O-O a5 19. d4 exd4 20. Qxe7
Nxe7 21. Nxd4 Nd5 22. Ne6 f3 23. g3 Rfe8 24. Nxd8 Rxd8 25. Rad1 c6 26. c4
{Black resigns}
1-0

[Event "ICC Open 2015"]
[Site "Internet Chess Club"]
[Date "2015.05.30"]
[Round "9"]
[White "EddieBarber"]
[Black "Chaos23"]
[Result "1-0"]
[ICCResult "Black resigns"]
[WhiteElo "1872"]
[BlackElo "2000"]
[Opening "Ruy Lopez: closed, Smyslov defense"]
[ECO "C93"]
[NIC "RL.22"]
[Time "20:26:44"]
[TimeControl "180+0"]

1. e4 e5 2. Nf3 Nc6 3. Bb5 a6 4. Ba4 Nf6 5. O-O Be7 6. Re1 b5 7. Bb3 d6 8.
c3 O-O 9. h3 h6 10. d4 Re8 11. Nbd2 Bf8 12. Nf1 exd4 13. cxd4 Rxe4 14. Rxe4
Nxe4 15. Bd5 Nxf2 16. Kxf2 Bd7 17. Bxc6 Bxc6 18. d5 Bd7 19. Ng3 g6 20. Be3
Bg7 21. Bd4 Qf8 22. Bxg7 Qxg7 23. Qd4 f6 24. Re1 h5 25. Ne4 Rf8 26. Ng3 Qf7
27. h4 Kg7 28. Ng5 Qg8 29. Ne6+ Bxe6 30. Rxe6 c5 31. Qe3 Kh8 32. Qh6+ Qh7
33. Qxf8+ {Black resigns} 1-0

[Event "ICC Open 2015"]
[Site "Internet Chess Club"]
[Date "2015.05.30"]
[Round "9"]
[White "WayTooRighteous"]
[Black "guchess"]
[Result "1-0"]
[ICCResult "Black resigns"]
[WhiteElo "1982"]
[BlackElo "2243"]
[Opening "Sicilian: Smith-Morra gambit"]
[ECO "B21"]
[NIC "SI.48"]
[Time "20:26:11"]
[TimeControl "180+0"]

1. e4 c5 2. d4 cxd4 3. c3 dxc3 4. Nxc3 e6 5. Bc4 a6 6. Nf3 d6 7. O-O b5 8.
Bb3 Ra7 9. Be3 Rd7 10. Qe2 Bb7 11. Rac1 b4 12. Na4 Bxe4 13. Bb6 Bxf3 14.
Qxf3 Qf6 15. Qa8 Rd8 16. Bxd8 Qxd8 17. Nb6 Ne7 18. Qb7 d5 19. Rc7 f5 20.
Rfc1 Kf7 21. Rc8 Qd6 22. Rxb8 Kg6 23. Qc7 Qxc7 24. Rxc7 d4 25. Nd7 Nd5 26.
Rcc8 d3 27. Nxf8+ Kh5 28. Nxe6 Rxc8 29. Rxc8 d2 30. Rd8 {Black resigns} 1-0

[Event "ICC Open 2015"]
[Site "Internet Chess Club"]
[Date "2015.05.30"]
[Round "9"]
[White "Werewolf"]
[Black "QuintilianoR"]
[Result "0-1"]
[ICCResult "White checkmated"]
[WhiteElo "2178"]
[BlackElo "2573"]
[Opening "Sicilian: dragon, Yugoslav attack, 10.O-O-O"]
[ECO "B78"]
[NIC "SI.18"]
[Time "20:26:31"]
[TimeControl "180+0"]

1. e4 c5 2. Nf3 d6 3. d4 cxd4 4. Nxd4 Nf6 5. Nc3 g6 6. Be3 Bg7 7. Bc4 O-O 8.
f3 Nc6 9. Qd2 Bd7 10. O-O-O Rc8 11. Bb3 Ne5 12. Bh6 Bxh6 13. Qxh6 Rxc3 14.
bxc3 Qa5 15. h4 Qxc3 16. Kb1 a5 17. a4 b5 18. axb5 a4 19. Ba2 a3 20. Qc1 Rb8
21. f4 Bxb5 22. fxe5 Bd3+ 23. Nb3 Rxb3+ 24. Bxb3 Qxb3+ 25. Ka1 Qc3+ 26. Kb1
Bc4 27. Qxa3 Qxa3 28. exf6 Ba2+ 29. Ka1 Bb3+ 30. Kb1 Qa2+ 31. Kc1 Qxc2#
{White checkmated}
0-1

[Event "ICC Open 2015"]
[Site "Internet Chess Club"]
[Date "2015.05.30"]
[Round "9"]
[White "hotmooses"]
[Black "PajoPatak"]
[Result "1-0"]
[ICCResult "Black resigns"]
[WhiteElo "1926"]
[BlackElo "1662"]
[Opening "Queen's pawn: London system"]
[ECO "A45"]
[NIC "QP.07"]
[Time "20:26:53"]
[TimeControl "180+0"]

1. d4 Nf6 2. Bf4 d5 3. e3 c5 4. dxc5 Nc6 5. Bb5 Qa5+ 6. Nc3 e6 7. a3 Ne4 8.
Ne2 Bd7 9. b4 Qd8 10. Nxe4 dxe4 11. Bd6 a6 12. Bc4 a5 13. b5 Na7 14. a4 Rc8
15. Ng3 Rxc5 16. Bxc5 Bxc5 17. Nxe4 Bb4+ 18. c3 Be7 19. Nd6+ Kf8 20. Nxb7
Qc8 21. Nd6 g6 22. Nxc8 {Black resigns} 1-0

[Event "ICC Open 2015"]
[Site "Internet Chess Club"]
[Date "2015.05.30"]
[Round "9"]
[White "ayyadov"]
[Black "JOHEL"]
[Result "1-0"]
[ICCResult "Black checkmated"]
[WhiteElo "2041"]
[BlackElo "1693"]
[Opening "Queen's pawn game"]
[ECO "A46"]
[NIC "QP.06"]
[Time "20:26:10"]
[TimeControl "180+0"]

1. d4 Nf6 2. Nf3 e6 3. g3 b6 4. Bg2 d5 5. O-O Ba6 6. b3 Be7 7. Bb2 O-O 8.
Nbd2 Nbd7 9. c4 c5 10. dxc5 bxc5 11. cxd5 exd5 12. Re1 Rc8 13. Nf1 Re8 14.
Ne3 d4 15. Nf5 g6 16. Nxe7+ Rxe7 17. e3 dxe3 18. Rxe3 Rxe3 19. fxe3 Qe7 20.
Qc1 c4 21. Qd2 c3 22. Bxc3 Ne4 23. Bb4 Nxd2 24. Bxe7 Re8 25. Bg5 Nxf3+ 26.
Bxf3 f6 27. Bh6 g5 28. Bd5+ Kh8 29. e4 Ne5 30. h3 Bd3 31. Rc1 Ng6 32. Rc7
Bxe4 33. Bg7# {Black checkmated} 1-0

[Event "ICC Open 2015"]
[Site "Internet Chess Club"]
[Date "2015.05.30"]
[Round "9"]
[White "Spirals"]
[Black "DarkThrone"]
[Result "1-0"]
[ICCResult "Black resigns"]
[WhiteElo "2192"]
[BlackElo "2400"]
[Opening "Ruy Lopez: Anderssen variation"]
[ECO "C77"]
[NIC "RL.12"]
[Time "20:27:04"]
[TimeControl "180+0"]

1. e4 e5 2. Nf3 Nc6 3. Bb5 a6 4. Ba4 Nf6 5. d3 b5 6. Bb3 Be7 7. O-O O-O 8.
a4 Bb7 9. c3 h6 10. Nbd2 Re8 11. Re1 Bf8 12. Nf1 Na5 13. Bc2 d5 14. axb5
axb5 15. exd5 Qxd5 16. b4 Nc6 17. Rxa8 Bxa8 18. Bb3 Qd6 19. Ng3 Rd8 20. Bc2
Nd5 21. Bd2 g6 22. Qe2 Bg7 23. h3 Qf6 24. Ne4 Qe7 25. Nc5 Qd6 26. Bb3 Re8
27. Qd1 Re7 28. Qa1 Re8 29. Qc1 Nf4 30. Bxf4 exf4 31. Rxe8+ Kh7 32. Rxa8 Qd7
33. Nxd7 {Black resigns} 1-0

[Event "ICC Open 2015"]
[Site "Internet Chess Club"]
[Date "2015.05.30"]
[Round "9"]
[White "bugeyes"]
[Black "a-man"]
[Result "0-1"]
[ICCResult "White checkmated"]
[WhiteElo "1067"]
[BlackElo "1407"]
[Opening "Ruy Lopez: exchange variation, 5.O-O"]
[ECO "C68"]
[NIC "RL.08"]
[Time "20:26:06"]
[TimeControl "180+0"]

1. e4 Nc6 2. Nf3 e5 3. Bb5 a6 4. Bxc6 dxc6 5. O-O Nf6 6. Re1 Bd6 7. d4 exd4
8. e5 Bxe5 9. Rxe5+ Be6 10. Ng5 Qd6 11. Nxe6 Qxe5 12. Nxg7+ Kf8 13. Nf5 Qxf5
14. Qxd4 Qxc2 15. Qxf6 Qxc1# {White checkmated} 0-1

[Event "ICC Open 2015"]
[Site "Internet Chess Club"]
[Date "2015.05.30"]
[Round "9"]
[White "Sjelan"]
[Black "jps7"]
[Result "1-0"]
[ICCResult "Black resigns"]
[WhiteElo "2098"]
[BlackElo "1636"]
[Opening "QGD: 4.Nf3"]
[ECO "D37"]
[NIC "QP.08"]
[Time "20:25:53"]
[TimeControl "180+0"]

1. d4 d5 2. Nf3 e6 3. c4 Nf6 4. Nc3 b6 5. cxd5 exd5 6. Bf4 a6 7. e3 Bd6 8.
Bxd6 Qxd6 9. Rc1 Bb7 10. Bd3 O-O 11. O-O Ne4 12. Qb3 Nxc3 13. Qxc3 Nd7 14.
Qxc7 Qxc7 15. Rxc7 Bc8 16. Rfc1 Nf6 17. Ne5 Be6 18. f3 b5 19. a3 g6 20. Nc6
Ne8 21. Ne7+ Kg7 22. R7c5 Nd6 23. Nxd5 Bxd5 24. Rxd5 Rfd8 25. Rdc5 Rac8 26.
Rxc8 Rxc8 27. Rxc8 Nxc8 28. Kf2 Nd6 29. e4 f6 30. Ke3 Kf7 31. d5 Ke7 32. Kd4
Nb7 33. b4 Kd6 34. f4 Nd8 35. e5+ fxe5+ 36. fxe5+ Kd7 37. Kc5 Nb7+ 38. Kb6
Nd8 39. Kxa6 Kc7 40. Kxb5 Nf7 41. e6 Nd6+ 42. Kc5 Nb7+ 43. Kd4 Nd6 44. a4
Kd8 45. Ke5 Ke7 46. a5 Nc8 47. b5 Nd6 48. b6 Nb7 49. a6 Nc5 50. Kd4 Kd6 51.
a7 Nxd3 52. Kxd3 Kxd5 53. a8=Q+ Kxe6 54. b7 {Black resigns} 1-0